 Dungeon Crawl Stone Soup version 0.29.1-15-g9cfb28693d (webtiles) character file.

Game seed: 5081148902972838988

18 quandasim the Covered (level 2, 0/19 HPs)
             Began as a Gargoyle Fighter on Apr 15, 2023.
             Slain by Natasha (7 damage)
             ... on level 2 of the Dungeon.
             The game lasted 00:04:10 (958 turns).

quandasim the Covered (Gargoyle Fighter)             Turns: 958, Time: 00:04:10

Health: 0/19       AC: 15    Str: 19    XL:     2   Next: 70%
Magic:  2/2        EV:  5    Int:  8    God:
Gold:   31         SH:  4    Dex:  9    Spells: 1/1 levels left

rFire   . . .      SeeInvis .   a - +0 flail
rCold   . . .      Faith    .   c - +0 buckler
rNeg    + . .      Spirit   .   j - +0 plate armour
rPois   ∞          Reflect  .   (no helmet)
rElec   +          Harm     .   (no cloak)
rCorr   .          Rampage  .   (no gloves)
Will    .....                   m - +0 pair of boots
Stlth   ..........              (no amulet)
HPRegen 0.06/turn               (no ring)
MPRegen 0.08/turn               (no ring)

@: mighty
A: sickness immunity, AC +2, negative energy resistance 1, electricity
resistance, torment resistance 1, petrification resistance
a: no special abilities


You were on level 2 of the Dungeon.
You visited 1 branch of the dungeon, and saw 2 of its levels.

You collected 31 gold pieces.

Inventory:

Hand Weapons
 a - a +0 flail (weapon)
Armour
 b - a +0 scale mail
 c - a +0 buckler (worn)
 j - a +0 plate armour (worn)
 m - a +0 pair of boots (worn)
 n - an orb of wrath
Scrolls
 e - 2 scrolls of immolation {unknown}
 f - a scroll of identify {unknown}
 g - a scroll of teleportation {unknown}
 i - a scroll of torment {unknown}
 k - a scroll of butterflies {unknown}
 l - a scroll of enchant weapon {unknown}
 o - a scroll of fear {unknown}
Potions
 d - a potion of might
 h - a potion of mutation {unknown}
 p - a potion of berserk rage {unknown}


   Skills:
 + Level 3.5 Fighting
 * Level 2.5 Maces & Flails
 + Level 3.5 Armour
 + Level 3.5 Shields


You had one spell level left.
You didn't know any spells.
Your spell library contained the following spells:

 Spells                   Type           Power      Damage    Failure   Level
 Iskenderun's Battlesphe  Conj           0%         2d6       100%        5
 Iron Shot                Conj/Erth      0%         9d1       100%        6
 Spellforged Servitor     Conj/Summ      0%         N/A       100%        7


Dungeon Overview and Level Annotations

Branches:
Dungeon (2/15)

Altars:

Annotations:
D:2 Natasha


Innate Abilities, Weirdness & Mutations

You are immune to sickness and miasma.
Your stone body is resilient. (AC +2)
You are immune to poison.
You resist negative energy. (rN+)
You are resistant to electric shocks. (rElec)
You are resistant to unholy torment.
You are immune to petrification.


Message History

You barely miss the endoplasm.
The endoplasm hits you but does no damage.
The endoplasm freezes you.
You are frozen.
You hit the endoplasm.
The endoplasm is severely wounded.
The endoplasm freezes you.
You are frozen.
You completely miss the endoplasm.
The endoplasm is severely wounded.
The endoplasm freezes you.
You are frozen.
You hit the endoplasm but do no damage.
The endoplasm is severely wounded.
The endoplasm hits you but does no damage.
The endoplasm freezes you.
You are frozen.
You barely miss the endoplasm.
The endoplasm is severely wounded.
The endoplasm hits you.
Natasha mumbles some strange words.
Natasha shimmers violently.
Natasha casts a spell.
You barely miss the endoplasm.
The endoplasm is severely wounded.
The endoplasm barely misses you.
You hit the endoplasm.
You kill the endoplasm!
Natasha mumbles some strange words.
The rat bites you.
You hit the rat.
You kill the rat!
You feel very mighty all of a sudden.
Natasha casts a spell.
You hit Natasha.
Natasha is lightly wounded.
You block Natasha's attack.
The white imp picks up a beetle and eats it.
Natasha claws you!
You die...

...# ... ..#...###
........## #...#.#..
####.# .#..... #.##.#
. ..555 #.##.####...
#.#h# ..<#...##..#
#.#@### #.##.......#
#.....# #.##....#..#
#.....# ..#........#
#.....#####
#....##....#
##........#
####.##.#.##
#........#
#.##....#####.......#
####.##)##...#
#.#######
......#.####.###.#


You could see an iron imp (summoned), Natasha, a crimson imp (summoned) and a
white imp (summoned).

Vanquished Creatures
  A ball python (D:1)
  An endoplasm (D:2)
  2 goblins (D:1)
  3 hobgoblins (D:1)
  A quokka (D:1)
  A bat (D:1)
  5 kobolds
  3 rats
17 creatures vanquished.

Notes
Turn   | Place    | Note
-------+----------+-------------------------------------------
     0 | D:1      | quandasim the Gargoyle Fighter began the quest for the Orb.
     0 | D:1      | Reached XP level 1. HP: 14/14 MP: 1/1
   232 | D:1      | Reached XP level 2. HP: 19/19 MP: 2/2
   948 | D:2      | Noticed Natasha
   958 | D:2      | Noticed a crimson imp
   958 | D:2      | Slain by Natasha

Illustrated notes

Levels and vault maps discovered:
D:1:      psy_arrival_dodecagon, layout_loops_cross, kennysheep_minor_cross,
          item_on_display_a
D:2:      minmay_wonky_spiral, layout_basic, serial_shops, nicolae_shop_crystal,
          hellmonk_ecumenical_altar_watching_god, uniq_natasha

Action                   || total
-------------------------++-------
Melee: Flail             ||    51
  Use: Potion            ||     1
Armor: Scale mail        ||     6
       Plate armour      ||    18
Dodge: Dodged            ||    16
Block: Buckler           ||    13
